 Dungeon Sprint DCSS version 0.31.0-12-g77e489cdc1 (webtiles) character file.

Game seed: 13085998713515231920

6800000 Kallu the Conqueror (level 27, -95/228 HPs)
             Began as a Djinni Warper on Feb 15, 2024.
             Was the Champion of Makhleb.
             Annihilated by a sculptor of flesh
             ... wielding a +9 great sword
              (208 damage)
             ... in the Dungeon (Sprint VIII: "Arena of Blood").
             The game lasted 00:04:01 (68 turns).

Kallu the Conqueror (Djinni Warper)                   Turns: 68, Time: 00:04:02

Health: -95/228    AC:  6    Str: 10    XL:     27
Gold:   0          EV: 37    Int: 16    God:    Makhleb [******] SH:  0 Dex: 26

rFire   + + .        h - +∞ Axe of Woe
rCold   x . .        (shield currently unavailable)
rNeg    . . .        a - +0 leather armour
rPois   ∞            (no helmet)
rElec   .            (no cloak)
rCorr   .            (no gloves)
SInv    +            (boots unavailable)
Will    ++...        (no amulet)
Stlth   ++++++++++   i - ring of see invisible
HPRegen 0.58/turn    (no ring)
MPRegen 0.00/turn

%: no teleportation, infuse magic (-96 HP)
@: flying
A: sickness immunity, fire resistance 2, cold vulnerability 1, float, innate
caster, HP casting, extra vitality 1
a: Renounce Religion, Minor Destruction, Lesser Servant of Makhleb, Major
Destruction, Greater Servant of Makhleb


You were in the Dungeon.
You worshipped Makhleb.
Makhleb was exalted by your worship.
You visited 1 branch

Inventory:

Hand Weapons
 h - the +∞ Axe of Woe (weapon)
   (You found it in the Dungeon)
Missiles
 c - 7 darts of dispersal
Armour
 a - a +0 leather armour (worn)
Jewellery
 i - a ring of see invisible (left hand)
Scrolls
 b - 2 scrolls of blinking
Potions
 d - a potion of curing
 e - a potion of heal wounds
 f - a potion of haste
 g - a potion of berserk rage


   Skills:
 O Level 27 Fighting
 O Level 27 Short Blades
 O Level 27 Long Blades
 O Level 27 Axes
 O Level 27 Maces & Flails
 O Level 27 Polearms
 O Level 27 Staves
 O Level 27 Ranged Weapons
 O Level 27 Throwing
 O Level 27 Armour
 O Level 27 Dodging
 O Level 27 Stealth
 O Level 27 Shields
 O Level 27 Unarmed Combat
 O Level 27 Spellcasting
 O Level 27 Conjurations
 O Level 27 Hexes
 O Level 27 Summonings
 O Level 27 Necromancy
 O Level 27 Translocations
 O Level 27 Fire Magic
 O Level 27 Ice Magic
 O Level 27 Air Magic
 O Level 27 Earth Magic
 O Level 27 Alchemy
 O Level 27 Invocations
 O Level 27 Evocations
 O Level 27 Shapeshifting


You knew the following spells:

 Your Spells              Type           Power      Damage    Failure   Level
a - Blink                 Tloc           100%       N/A       0%          2
b - Lesser Beckoning      Tloc           100%       N/A       0%          2
c - Teleport Other        Tloc           82%        N/A       0%          3
d - Manifold Assault      Tloc           82%        N/A       0%          4
e - Vhi's Electric Charg  Tloc/Air       100%       N/A       0%          4
f - Necrotise             Necr           100%       1d9       0%          1
g - Mercury Vapours       Alch/Air       100%       N/A       0%          2
h - Call Canine Familiar  Summ           82%        N/A       0%          3
i - Frozen Ramparts       Ice            100%       1d16      0%          3
j - Leda's Liquefaction   Alch/Erth      41%        N/A       0%          4
k - Iskenderun's Battles  Conj           82%        2d13      0%          5
l - Summon Cactus Giant   Summ           41%        N/A       0%          6
m - Death Channel         Necr           41%        N/A       0%          6
n - Monstrous Menagerie   Summ           41%        N/A       1%          7
o - Borgnjor's Revivific  Necr           41%        N/A       1%          8
p - Lehudib's Crystal Sp  Conj/Erth      41%        10d10     1%          8
q - Dragon's Call         Summ           41%        N/A       2%          9
r - Fire Storm            Conj/Fire      41%        8d10      2%          9
Your spell library was empty.

Dungeon Overview and Level Annotations

Branches:
Dungeon (1/1)

Altars:
Makhleb


Innate Abilities, Weirdness & Mutations

You are immune to sickness and miasma.
You are immune to poison.
Your flesh is very heat resistant. (rF++)
You are vulnerable to cold. (rC-)
You float through the air rather than walking.
You learn spells naturally, not from books.
Your magical power is your life essence.
You have superior vitality. (+4 MHP)


Message History

The fiery explosion engulfs you! You resist.
You are engulfed in blazing flames.
You resist.
You hear a shout! x2
A bag of meat comes into view. It is wielding a +9 war axe.
The destroyer points at you and mumbles some strange words.
The destroyer blinks!
The accursed casts a spell at you. Something smites you!
You hear a shout!
Unknown command.
Space momentarily warps into an impossible shape!
You slice the tyrant!!
You dissect the tyrant like a pig carcass.
You destroy the tyrant!
Makhleb accepts your kill.
You slash the large bag of meat!
Flame seeps out of the large bag of meat.
You cleave the large bag of meat in twain.
Makhleb accepts your kill.
You feel better.
You carve the bag of meat like a ham!!!
You dissect the bag of meat like a pig carcass.
You kill the bag of meat!
Makhleb accepts your kill.
You feel better.
The large bag of meat explodes!
The fiery explosion engulfs the bag of meat!!!
The fiery explosion engulfs the bag of meat!!
You are engulfed in blazing flames.
You resist.
You hear a shout! x4
The dread calls on the powers of darkness!
The bag of meat convulses! x2; Your body is wracked with pain!
The bag of meat convulses! x4
The bag of meat is engulfed in blazing flames.
A meat berserker comes into view. It is wielding a +9 battleaxe.
The destroyer gestures at you while chanting.
The destroyer blinks!
The sculptor of flesh is engulfed in blazing flames.
The sculptor of flesh hits you with a +9 great sword!!!!!
Ouch! That really hurt!
You die...

.....#....))..o)))))).......
.........))....).))).).).)..
o.....o......).)).)).°.....z
#.@.o....#...)))o#..........
...#.....#....)..#.)........
......###.o)....###........
......)§o§V###§............
.O.#...oo.))o..O.....zo....
#.....O§#§@z..#)......#.#.
......)).#_o§._#...z.
.#.....O.#§§..W#...§.
...#.o.....§V.o...o..
......o...o###......
......###.O. ).###. ......
#.... ..# ...... #.M... .#
..... ..


You could see an accursed, 2 destroyers, a sculptor of flesh, a large bag of
meat (inner flame), a dread, a meat berserker (berserk) and 8 bags of meat.

Vanquished Creatures
  Sigmund (D)
  3 hell beasts (D)
  2 royal mummies (D)
  Harold (D)
  10 vampire knights (D)
  29 ogres (D)
  11 two-headed ogres (D)
  5 liches (D)
  A hydra (D)
  93 orcs (D)
  6 skeletal warriors (D)
162 creatures vanquished.

Notes
Turn   | Place    | Note
-------+----------+-------------------------------------------
     0 | D        | Found the +∞ Axe of Woe
     0 | D        | Kallu the Djinni Warper began the quest for the Orb.
     0 | D        | Kallu set off with the following spells memorised: Blink,
                  | Lesser Beckoning, Teleport Other, Manifold Assault, Vhi's
                  | Electric Charge.
     0 | D        | Reached XP level 1. HP: 18/18 MP: 0/0
     0 | D        | Noticed a meat berserker
     2 | D        | Noticed a bag of meat
     3 | D        | Killed a meat berserker
     3 | D        | Noticed a bag of meat
     4 | D        | Reached XP level 2. HP: 46/46 MP: 0/0
     4 | D        | Reached XP level 3. HP: 51/51 MP: 0/0
     4 | D        | Learned a level 1 spell: Necrotise
     4 | D        | Reached XP level 4. HP: 58/58 MP: 0/0
     4 | D        | Reached XP level 5. HP: 64/64 MP: 0/0
     4 | D        | Learned a level 2 spell: Mercury Vapours
     4 | D        | Reached XP level 6. HP: 70/70 MP: 0/0
     4 | D        | Reached XP level 7. HP: 76/76 MP: 0/0
     4 | D        | Learned a level 3 spell: Call Canine Familiar
     4 | D        | Reached XP level 8. HP: 82/82 MP: 0/0
     4 | D        | Reached XP level 9. HP: 88/88 MP: 0/0
     4 | D        | Learned a level 3 spell: Frozen Ramparts
     4 | D        | Reached XP level 10. HP: 94/94 MP: 0/0
     4 | D        | Reached XP level 11. HP: 100/100 MP: 0/0
     4 | D        | Learned a level 4 spell: Leda's Liquefaction
     4 | D        | Reached XP level 12. HP: 106/106 MP: 0/0
     4 | D        | Noticed a bag of meat
     5 | D        | Killed a bag of meat
     5 | D        | Noticed a meat berserker
     6 | D        | Reached skill level 15 in Spellcasting
     6 | D        | Reached skill level 15 in Conjurations
     6 | D        | Reached skill level 15 in Hexes
     6 | D        | Reached skill level 15 in Summonings
     6 | D        | Reached skill level 15 in Necromancy
     6 | D        | Reached skill level 15 in Translocations
     6 | D        | Reached skill level 15 in Fire Magic
     6 | D        | Reached skill level 15 in Ice Magic
     6 | D        | Reached skill level 15 in Air Magic
     6 | D        | Reached skill level 15 in Earth Magic
     6 | D        | Reached skill level 15 in Alchemy
     6 | D        | Reached XP level 13. HP: 115/115 MP: 0/0
     6 | D        | Learned a level 5 spell: Iskenderun's Battlesphere
     6 | D        | Became a worshipper of Makhleb the Destroyer
     7 | D        | Noticed a bag of meat
     8 | D        | Killed a meat berserker
     8 | D        | Noticed a meat berserker
     9 | D        | Reached XP level 14. HP: 93/128 MP: 0/0
     9 | D        | Noticed a bag of meat
     9 | D        | Noticed a bag of meat
     9 | D        | Noticed a bag of meat
     9 | D        | Noticed a meat berserker
    10 | D        | Noticed a bag of meat
    10 | D        | Noticed a meat berserker
    10 | D        | Noticed a meat berserker
    10 | D        | Noticed a bag of meat
    11 | D        | Noticed a bag of meat
    11 | D        | Noticed a bag of meat
    11 | D        | Noticed a bag of meat
    11 | D        | Noticed a bag of meat
    11 | D        | Killed a meat berserker
    11 | D        | Reached * piety under Makhleb
    11 | D        | Noticed a meat berserker
    11 | D        | Noticed a bag of meat
    12 | D        | Noticed a large bag of meat
    12 | D        | Noticed a bag of meat
    12 | D        | Noticed a bag of meat
    12 | D        | Noticed a meat berserker
    12 | D        | Killed a bag of meat
    12 | D        | Killed a bag of meat
    12 | D        | Noticed a bag of meat
    12 | D        | Noticed a meat berserker
    12 | D        | Noticed a bag of meat
    12 | D        | Noticed a bag of meat
    13 | D        | Reached XP level 15. HP: 117/139 MP: 0/0
    13 | D        | Learned a level 6 spell: Summon Cactus Giant
    13 | D        | Reached ** piety under Makhleb
    13 | D        | Killed a meat berserker
    13 | D        | Reached *** piety under Makhleb
    14 | D        | Reached XP level 16. HP: 153/153 MP: 0/0
    14 | D        | Killed a meat berserker
    14 | D        | Noticed a meat berserker
    14 | D        | Noticed a large bag of meat
    15 | D        | Reached skill level 27 in Fighting
    15 | D        | Reached XP level 17. HP: 160/160 MP: 0/0
    15 | D        | Learned a level 6 spell: Death Channel
    15 | D        | Noticed a meat berserker
    15 | D        | Reached **** piety under Makhleb
    17 | D        | Reached skill level 27 in Axes
    17 | D        | Reached ***** piety under Makhleb
    18 | D        | Reached skill level 27 in Spellcasting
    18 | D        | Reached skill level 27 in Conjurations
    18 | D        | Reached skill level 27 in Hexes
    18 | D        | Reached skill level 27 in Summonings
    18 | D        | Reached skill level 27 in Necromancy
    18 | D        | Reached skill level 27 in Translocations
    18 | D        | Reached skill level 27 in Fire Magic
    18 | D        | Reached skill level 27 in Ice Magic
    18 | D        | Reached skill level 27 in Air Magic
    18 | D        | Reached skill level 27 in Earth Magic
    18 | D        | Reached skill level 27 in Alchemy
    18 | D        | Reached skill level 1 in Throwing
    18 | D        | Reached XP level 18. HP: 167/167 MP: 0/0
    19 | D        | Noticed a large bag of meat
    20 | D        | Reached skill level 10 in Unarmed Combat
    21 | D        | Noticed a meat berserker
    22 | D        | Killed a meat berserker
    23 | D        | Reached XP level 19. HP: 99/174 MP: 0/0
    23 | D        | Learned a level 7 spell: Monstrous Menagerie
    24 | D        | Killed a large bag of meat
    24 | D        | Killed a meat berserker
    24 | D        | Reached ****** piety under Makhleb
    25 | D        | Killed a meat berserker
    26 | D        | Reached skill level 27 in Dodging
    26 | D        | Reached skill level 27 in Unarmed Combat
    26 | D        | Reached XP level 20. HP: 107/181 MP: 0/0
    26 | D        | Killed a meat berserker
    26 | D        | Killed a meat berserker
    27 | D        | Reached XP level 21. HP: 187/187 MP: 0/0
    27 | D        | Learned a level 8 spell: Borgnjor's Revivification
    29 | D        | Reached skill level 27 in Throwing
    29 | D        | Reached skill level 27 in Armour
    29 | D        | Reached XP level 22. HP: 179/194 MP: 0/0
    29 | D        | Killed a meat berserker
    30 | D        | Reached skill level 5 in Maces & Flails
    30 | D        | Reached skill level 5 in Polearms
    30 | D        | Reached skill level 5 in Ranged Weapons
    30 | D        | Reached skill level 5 in Shapeshifting
    30 | D        | Killed a large bag of meat
    31 | D        | Reached skill level 10 in Shields
    31 | D        | Reached skill level 10 in Invocations
    31 | D        | Reached skill level 10 in Evocations
    31 | D        | Reached XP level 23. HP: 119/201 MP: 0/0
    31 | D        | Learned a level 8 spell: Lehudib's Crystal Spear
    31 | D        | Killed a large bag of meat
    31 | D        | Noticed a large bag of meat
    32 | D        | Reached skill level 10 in Maces & Flails
    32 | D        | Reached skill level 10 in Polearms
    32 | D        | Reached skill level 10 in Ranged Weapons
    32 | D        | Reached skill level 10 in Shapeshifting
    32 | D        | Noticed a large bag of meat
    32 | D        | Noticed a large bag of meat
    32 | D        | Noticed a large bag of meat
    33 | D        | Noticed a destroyer
    33 | D        | Noticed a large bag of meat
    34 | D        | Killed a destroyer
    35 | D        | Reached XP level 24. HP: 138/208 MP: 0/0
    36 | D        | Killed a large bag of meat
    36 | D        | Killed a large bag of meat
    37 | D        | Reached skill level 15 in Short Blades
    37 | D        | Reached skill level 15 in Long Blades
    37 | D        | Reached skill level 15 in Staves
    37 | D        | Reached skill level 15 in Stealth
    37 | D        | Killed a large bag of meat
    38 | D        | Reached skill level 15 in Maces & Flails
    38 | D        | Reached skill level 15 in Polearms
    38 | D        | Reached skill level 15 in Ranged Weapons
    38 | D        | Reached skill level 15 in Shapeshifting
    38 | D        | Reached XP level 25. HP: 121/214 MP: 0/0
    38 | D        | Learned a level 9 spell: Dragon's Call
    38 | D        | Killed a large bag of meat
    38 | D        | Noticed a large bag of meat
    39 | D        | Noticed a destroyer
    40 | D        | Killed a large bag of meat
    41 | D        | Noticed a destroyer
    41 | D        | Killed a large bag of meat
    42 | D        | Noticed a destroyer
    43 | D        | Noticed a destroyer
    44 | D        | Killed a destroyer
    45 | D        | Reached XP level 26. HP: 221/221 MP: 0/0
    45 | D        | Killed a destroyer
    46 | D        | Noticed a tyrant
    46 | D        | Killed a tyrant
    46 | D        | Noticed a tyrant
    47 | D        | Killed a tyrant
    48 | D        | Reached XP level 27. HP: 226/228 MP: 0/0
    48 | D        | Learned a level 9 spell: Fire Storm
    49 | D        | Noticed a tyrant
    49 | D        | Killed a tyrant
    52 | D        | Noticed a destroyer
    52 | D        | Noticed an accursed
    52 | D        | Noticed a destroyer
    52 | D        | Noticed a tyrant
    52 | D        | Killed a destroyer
    52 | D        | Noticed a destroyer
    53 | D        | Noticed an accursed
    54 | D        | Killed a destroyer
    55 | D        | Killed an accursed
    55 | D        | Killed a destroyer
    55 | D        | Noticed a destroyer
    55 | D        | Noticed a destroyer
    56 | D        | Reached skill level 27 in Shields
    56 | D        | Reached skill level 27 in Invocations
    56 | D        | Reached skill level 27 in Evocations
    56 | D        | Killed a tyrant
    57 | D        | Noticed a destroyer
    57 | D        | Killed an accursed
    57 | D        | Noticed a large bag of meat
    58 | D        | Reached skill level 27 in Short Blades
    58 | D        | Reached skill level 27 in Long Blades
    58 | D        | Reached skill level 27 in Staves
    58 | D        | Reached skill level 27 in Stealth
    58 | D        | Killed a destroyer
    59 | D        | Reached skill level 27 in Maces & Flails
    59 | D        | Reached skill level 27 in Polearms
    59 | D        | Reached skill level 27 in Ranged Weapons
    59 | D        | Reached skill level 27 in Shapeshifting
    59 | D        | Noticed The Captor
    59 | D        | Noticed a destroyer
    59 | D        | Noticed The Servant
    59 | D        | Killed The Captor
    59 | D        | Noticed a large bag of meat
    59 | D        | Noticed a large bag of meat
    61 | D        | Noticed a meat beast
    61 | D        | Killed a destroyer
    61 | D        | Killed a destroyer
    62 | D        | Noticed a meat beast
    62 | D        | Noticed a dread
    63 | D        | Noticed a large bag of meat
    65 | D        | Killed a destroyer
    66 | D        | Killed The Servant
    66 | D        | Killed a meat beast
    66 | D        | Noticed a meat beast
    66 | D        | Noticed an accursed
    66 | D        | Noticed a tyrant
    67 | D        | Killed a large bag of meat
    67 | D        | Killed a meat beast
    67 | D        | Killed a meat beast
    68 | D        | Killed a tyrant
    68 | D        | Killed a large bag of meat
    68 | D        | Annihilated by a sculptor of flesh

Illustrated notes

Levels and vault maps discovered:
D:        meatsprint

Skill      XL: |  1  2  3  4  5  6  7  8  9 10 11 12 13 14 15 16 17 18 19 20 21 22 23 24 25 26 27 |
---------------+----------------------------------------------------------------------------------+-----
Fighting       | 17 18 21 24 26 27 | 27.0
Axes           | 14 16 17 20 23 24 27 | 27.0
Spellcasting   | 14 15 17 19 22 23 27 | 27.0
Conjurations   | 14 15 17 19 22 23 27 | 27.0
Hexes          | 14 15 17 19 22 23 27 | 27.0
Summonings     | 14 15 17 19 22 23 27 | 27.0
Necromancy     | 14 15 17 19 22 23 27 | 27.0
Translocations | 14 15 17 19 22 23 27 | 27.0
Fire Magic     | 14 15 17 19 22 23 27 | 27.0
Ice Magic      | 14 15 17 19 22 23 27 | 27.0
Air Magic      | 14 15 17 19 22 23 27 | 27.0
Earth Magic    | 14 15 17 19 22 23 27 | 27.0
Alchemy        | 14 15 17 19 22 23 27 | 27.0
Throwing       | 1 7 14 22 27 | 27.0
Dodging        | 4 20 27 | 27.0
Unarmed Combat | 3 18 27 | 27.0
Armour         | 6 12 19 27 | 27.0
Short Blades   | 9 13 16 19 21 27 | 27.0
Long Blades    | 9 13 16 19 21 27 | 27.0
Maces & Flails | 8 12 15 17 19 27 | 27.0
Polearms       | 8 12 15 17 19 27 | 27.0
Staves         | 9 13 16 19 21 27 | 27.0
Ranged Weapons | 8 12 15 17 19 27 | 27.0
Stealth        | 9 13 16 19 21 27 | 27.0
Shields        | 10 14 17 20 23 27 | 27.0
Invocations    | 10 14 17 20 23 27 | 27.0
Evocations     | 10 14 17 20 23 27 | 27.0
Shapeshifting  | 8 12 15 17 19 27 | 27.0

Action                     |  1- 3 |  4- 6 |  7- 9 | 10-12 | 13-15 | 16-18 | 19-21 | 22-24 | 25-27 || total
---------------------------+-------+-------+-------+-------+-------+-------+-------+-------+-------++-------
  Melee: Executioner's axe |     1 |       |       |     1 |     4 |     7 |    16 |    17 |    43 ||    89
   Cast: Vhi's Electric Ch |       |       |       |       |     3 |     5 |       |     3 |    15 ||    26
         Manifold Assault  |       |       |       |       |       |       |     4 |     3 |     6 ||    13
 Armour: Leather armour    |       |       |       |       |     1 |     4 |     5 |     9 |    20 ||    39
  Dodge: Dodged            |       |       |       |       |       |     1 |     1 |     1 |     4 ||     7
